 Dungeon Crawl Stone Soup version 0.29.0-4-gdea44cf6ec (webtiles) character file.

Game seed: 1237725804405075456

623 qw the Cleaver (level 7, -6/50 HPs)
             Began as a Barachi Chaos Knight on Sept 4, 2022.
             Mangled by a sixfirhy (11 damage)
             ... summoned by Xom
             ... on level 4 of the Dungeon.
             The game lasted 00:02:34 (5829 turns).

qw the Cleaver (Barachi Chaos Knight)               Turns: 5829, Time: 00:02:34

Health: -6/50      AC:  7    Str: 16    XL:     7   Next: 47%
Magic:  1/7        EV: 10    Int:  8    God:
Gold:   302        SH:  0    Dex: 11    Spells: 6/6 levels left

rFire   . . .      SeeInvis .   Y - +1 hand axe (chaos)
rCold   . . .      Faith    .   (no shield)
rNeg    . . .      Spirit   .   b - +0 scale mail
rPois   .          Reflect  .   (helmet restricted)
rElec   .          Harm     .   d - +0 cloak
rCorr   .          Rampage  .   (no gloves)
Will    .....      Clarity  +   (no boots)
Stlth   ..........              (no amulet)
HPRegen 0.96/turn               (no ring)
MPRegen 0.10/turn               (no ring)

@: slow
A: amphibious, slowness 1, strong legs 1, +LOS, horns 2, clarity, dopey 2, frail
1, regeneration 1, wild magic 2, sturdy frame 1
a: Hop


You were on level 4 of the Dungeon.
You visited 1 branch of the dungeon, and saw 4 of its levels.
You also visited: Sewer.

You collected 302 gold pieces.


Innate Abilities, Weirdness & Mutations

You are amphibious.
You cover ground slowly.
You can hop short distances.
You have an extended range of vision and can be seen from far away.
You have a pair of horns on your head.
You possess an exceptional clarity of mind.
You are very dopey. (Int -4)
You are frail. (-10% HP)
Your natural rate of healing is unusually fast.
Your spells are harder to cast, but more powerful.
Your movements are slightly less encumbered by armour. (ER -2)


   Skills:
 - Level 5.1 Fighting
 + Level 8.6 Axes
 - Level 2.4 Armour
 - Level 1.1 Dodging


You had 6 spell levels left.
You didn't know any spells.
Your spell library was empty.

Inventory:

Hand Weapons
 a - a +2 flail of draining
 Y - a +1 hand axe of chaos (weapon)
Armour
 b - a +0 scale mail (worn)
 d - a +0 cloak (worn)
Scrolls
 i - a scroll of identify
Potions
 f - a potion of might
 h - a potion of berserk rage {unknown}
 k - 3 potions of heal wounds
 l - a potion of haste {unknown}
Miscellaneous
 c - a piece from Xom's chessboard (15/15)

Dungeon Overview and Level Annotations

Branches:
Dungeon (4/15)              Sewer (visited)
 Temple: D:4-7

Altars:
Elyvilon
Fedhas
Qazlal
Yredelemnul

Shops:
D:1 ((


Message History

Enter note:
Enter note:
Found 2 stones.
The divine experience drains your vigour!
You feel yourself slow down.
You feel yourself speed up. "Let's see if it's strong enough to survive yet."
A chaos spawn comes into view.
Enter note:
Enter note:
Enter note:
Enter note:
Enter note:
Enter note:
Enter note: You hit the chaos spawn but do no damage.
You miss the quasit. You closely miss the white imp.
You hit the hellwing but do no damage. You hit the ynoxinul.
Space warps horribly around the ynoxinul!
You closely miss the ynoxinul.
The ynoxinul is heavily wounded.
You hit the quasit.
The quasit is poisoned.
You barely miss the white imp. You closely miss the chaos spawn.
You barely miss the hellwing. The quasit barely misses you.
The quasit claws you but does no damage. x2
You closely miss the ynoxinul. You headbutt the ynoxinul!
The ynoxinul is severely wounded.
You barely miss the chaos spawn. You closely miss the hellwing.
You miss the quasit. You hit the white imp but do no damage.
The chaos spawn hits you!
You feel your power leaking away. The ynoxinul hits you!
The white imp hits you. The white imp freezes you. The hellwing hits you!
The hellwing hits you.
You closely miss the ynoxinul. Your headbutt misses the ynoxinul.
The ynoxinul is severely wounded.
You closely miss the chaos spawn. You hit the white imp.
You burn the white imp.
You hit the chaos spawn but do no damage.
The chaos spawn is poisoned.
You barely miss the hellwing. The sixfirhy closely misses you.
The sixfirhy hits you! The sixfirhy shocks you!
You die...

...........###........###...####
.......?...###.......###...## #
..#.........##....##.####..## ##
..#.............####..##..## #.
..#.<....##.....# ##.#...# #.
..#.....# ##...## #.....## ##.
........#####..# #......# #.#
...........##.4###5.......#####.#
..#..........#43@45(............#
..#...........54355............##
..#...........5#####..#........##
..#............# #..#.........#
...............# #(.#.......#.#
...............# #..#.......#..
.._............# #..........##.
...............## #..........##.
................# #..........##.


You could see a hellwing (summoned), a sixfirhy (summoned), a ynoxinul
(summoned), 3 chaos spawn, an iron imp (summoned), 2 quasits, a white imp
(summoned) and 2 ufetubi.

Vanquished Creatures
  5 jellies (Sewer)
  An orc priest (D:4)
  A hound (D:4)
  Ijyb (D:4)
  Terence (D:2)
  Natasha (thrice) (D:3)
  An orc wizard (D:4)
  4 gnolls (D:3)
  8 adders
  2 river rats (Sewer)
  An ufetubus (D:4)
  4 worms
  2 dart slugs
  3 orcs (D:4)
  8 bats
  15 endoplasms
  8 giant cockroaches
  8 goblins
  10 hobgoblins
  4 jackals
  5 quokkas
  6 ball pythons
  4 frilled lizards
  9 kobolds
  9 rats
123 creatures vanquished.

Notes
Turn   | Place    | Note
-------+----------+-------------------------------------------
     0 | D:1      | qw the Barachi Chaos Knight began the quest for the Orb.
     0 | D:1      | Reached XP level 1. HP: 18/18 MP: 1/1
     0 | D:1      | 0 ||| qw: Version: 0.1-a-103-gd6f5d3a
     0 | D:1      | 0 ||| qw: Game counter: 5480
     0 | D:1      | 0 ||| qw: Always use a shield: true
     0 | D:1      | 0 ||| qw: God list: Okawaru
     0 | D:1      | 0 ||| qw: Allow faded altars: false
     0 | D:1      | 0 ||| qw: Do Orc after D:15 true
     0 | D:1      | 0 ||| qw: Do second Lair branch before Depths: true
     0 | D:1      | 0 ||| qw: Lair rune preference: random
     0 | D:1      | 0 ||| qw: Plans: Normal
     0 | D:1      | 0 ||| PLANNING D:1-11
     0 | D:1      | Fell from the grace of Xom
    56 | D:1      | 56 ||| DROPPING +0 mace.
   200 | D:1      | Reached XP level 2. HP: 21/24 MP: 2/2
   295 | D:1      | Reached skill level 4 in Axes
   422 | D:1      | Found Xaicwu's Weapon Shoppe.
   432 | D:1      | 432 ||| SHOPLISTING +0 broad axe (56 gold, have 38).
   489 | D:1      | 489 ||| UPGRADING to +0 ring mail.
   491 | D:1      | 491 ||| UPGRADING to +0 ring mail.
   525 | D:1      | 525 ||| DROPPING +2 leather armour.
   564 | D:1      | 564 ||| DRINKING 3 smoky emerald potions.
   609 | D:1      | Found Igegu's Weapon Boutique.
   618 | D:1      | 618 ||| SHOPLISTING +4 vorpal flail (272 gold, have 47).
   710 | D:1      | Reached XP level 3. HP: 28/29 MP: 3/3
   852 | D:1      | XOM: torment (12/29 hp)
  1274 | D:1      | 1274 ||| READING scroll labelled RITSUD AKHIBLO.
  1517 | D:1      | 1517 ||| READING scroll labelled LORPHA NIZUFF.
  1518 | D:1      | 1518 ||| READING scroll labelled TOS PAXECE FOAWE.
  1519 | D:1      | 1519 ||| DRINKING 3 bubbling emerald potions.
  1519 | D:1      | Gained mutation: Your spells are a little harder to cast,
                  | but a little more powerful. [potion of mutation]
  1519 | D:1      | Gained mutation: Your movements are slightly less
                  | encumbered by armour. (ER -2) [potion of mutation]
  1520 | D:1      | 1520 ||| DROPPING 2 potions of attraction.
  1710 | D:2      | Reached skill level 5 in Axes
  1720 | D:2      | 1720 ||| Stepping ~*~*~tactically~*~*~ (hiding).
  1858 | D:2      | Found a white marble altar of Elyvilon.
  1870 | D:2      | Identified the +6 falchion "Umiamnok" {spect, rF- Str+3
                  | Dex+3}
  1908 | D:2      | Noticed Terence
  1924 | D:2      | Killed Terence
  1925 | D:2      | Reached XP level 4. HP: 24/36 MP: 4/4
  2107 | D:2      | 2107 ||| Stepping ~*~*~tactically~*~*~ (stealth).
  2114 | D:2      | 2114 ||| Stepping ~*~*~tactically~*~*~ (stealth).
  2115 | D:2      | 2115 ||| Stepping ~*~*~tactically~*~*~ (stealth).
  2260 | D:2      | XOM: draining
  2349 | D:2      | 2349 ||| Stepping ~*~*~tactically~*~*~ (stealth).
  2382 | D:2      | Found a faded altar of an unknown god.
  2763 | D:2      | 2763 ||| UPGRADING to +0 scale mail.
  2773 | D:2      | 2773 ||| UPGRADING to +0 cloak.
  2778 | D:2      | 2778 ||| DROPPING +0 ring mail.
  2779 | D:2      | 2779 ||| READING 2 scrolls labelled OLUINE MOUNUU.
  2956 | D:3      | Reached skill level 6 in Axes
  2987 | D:3      | Reached XP level 5. HP: 37/41 MP: 5/5
  3028 | D:3      | HP: 9/38 [gnoll/+2 flail of draining (2)]
  3029 | D:3      | 3029 ||| READING scroll of teleportation.
  3030 | D:3      | HP: 1/38 [something (5)]
  3133 | D:3      | 3133 ||| Invisible monster not found???
  3179 | D:3      | XOM: give mutations
  3179 | D:3      | Gained mutation: You occasionally lose the ability to read
                  | scrolls when taking damage. [Xom's mischief]
  3179 | D:3      | Gained mutation: You are somewhat resistant to further
                  | mutation. [Xom's mischief]
  3333 | D:3      | 3333 ||| DRINKING 2 potions of mutation.
  3333 | D:3      | Lost mutation: Your spells are a little harder to cast, but
                  | a little more powerful. [potion of mutation]
  3333 | D:3      | Lost mutation: You occasionally lose the ability to read
                  | scrolls when taking damage. [potion of mutation]
  3333 | D:3      | Gained mutation: You are strong-willed. (Will+) [potion of
                  | mutation]
  3333 | D:3      | Gained mutation: You have a pair of small antennae on your
                  | head. [potion of mutation]
  3431 | D:3      | Noticed a fire elemental
  3434 | D:3      | Found a stormy altar of Qazlal.
  3436 | D:3      | Noticed a water elemental
  3436 | D:3      | Noticed an air elemental
  3440 | D:3      | 3440 ||| READING scroll labelled JOCOES KEEX.
  3441 | D:3      | 3441 ||| DRINKING 2 emerald potions.
  3586 | D:3      | HP: 6/34 [gnoll/+2 flail of draining (7)]
  3587 | D:3      | 3587 ||| DRINKING potion of heal wounds.
  3596 | D:3      | HP: 7/28 [gnoll/+2 flail of draining (3)]
  3668 | D:3      | 3668 ||| Stepping ~*~*~tactically~*~*~ (stealth).
  3867 | D:3      | 3867 ||| DROPPING +0 whip of electrocution.
  3914 | D:3      | 3914 ||| Stepping ~*~*~tactically~*~*~ (stealth).
  3915 | D:3      | 3915 ||| Stepping ~*~*~tactically~*~*~ (stealth).
  3920 | D:3      | 3920 ||| Stepping ~*~*~tactically~*~*~ (stealth).
  4209 | D:3      | XOM: give mutations
  4209 | D:3      | Gained mutation: You are dopey. (Int -2) [Xom's mischief]
  4209 | D:3      | Lost mutation: You are somewhat resistant to further
                  | mutation. [Xom's mischief]
  4235 | D:3      | XOM: give mutations
  4235 | D:3      | Gained mutation: You are frail. (-10% HP) [Xom's mischief]
  4235 | D:3      | Gained mutation: You occasionally shout uncontrollably at
                  | your foes. [Xom's mischief]
  4235 | D:3      | Lost mutation: You have a pair of small antennae on your
                  | head. [Xom's mischief]
  4235 | D:3      | Gained mutation: You possess an exceptional clarity of
                  | mind. [Xom's mischief]
  4236 | D:3      | 4236 ||| DRINKING potion of mutation.
  4236 | D:3      | Lost mutation: You are strong-willed. (Will+) [potion of
                  | mutation]
  4236 | D:3      | Lost mutation: You occasionally shout uncontrollably at
                  | your foes. [potion of mutation]
  4236 | D:3      | Gained mutation: You are very dopey. (Int -4) [potion of
                  | mutation]
  4236 | D:3      | Gained mutation: You have a pair of small horns on your
                  | head. [potion of mutation]
  4346 | D:3      | XOM: god gift: staff of conjuration
  4420 | D:3      | Noticed Natasha
  4427 | D:3      | Killed Natasha
  4436 | D:3      | Noticed Natasha
  4447 | D:3      | HP: 4/31 [Natasha/magic dart (11)]
  4448 | D:3      | Killed Natasha
  4449 | D:3      | Reached skill level 7 in Axes
  4449 | D:3      | Reached XP level 6. HP: 4/39 MP: 6/6
  4464 | D:3      | Noticed Natasha
  4465 | D:3      | HP: 6/39 [Natasha/magic dart (2)]
  4469 | D:3      | Killed Natasha
  4954 | D:3      | 4954 ||| READING scroll labelled SARGHI WOETU.
  4975 | D:4      | 4975 ||| PLANNING SEWER
  4987 | D:4      | Found a blossoming altar of Fedhas.
  5121 | D:4      | XOM: give mutations
  5121 | D:4      | Gained mutation: Your spells are a little harder to cast,
                  | but a little more powerful. [Xom's grace]
  5121 | D:4      | Gained mutation: Your natural rate of healing is unusually
                  | fast. [Xom's grace]
  5121 | D:4      | Gained mutation: You have a pair of horns on your head.
                  | [Xom's grace]
  5121 | D:4      | Gained mutation: Your spells are harder to cast, but more
                  | powerful. [Xom's grace]
  5203 | D:4      | Noticed Ijyb
  5220 | D:4      | Killed Ijyb
  5255 | D:4      | Found a basalt altar of Yredelemnul.
  5281 | D:4      | Reached skill level 8 in Axes
  5292 | D:4      | Found a glowing drain.
  5297 | D:4      | 5297 ||| READING scroll labelled RETTEC NIFF.
  5298 | D:4      | 5298 ||| READING scroll labelled LOOF OTSOUTA.
  5309 | Sewer    | Entered a sewer
  5428 | Sewer    | Reached XP level 7. HP: 30/49 MP: 7/7
  5463 | Sewer    | 5463 ||| Stepping ~*~*~tactically~*~*~ (stealth).
  5464 | Sewer    | 5464 ||| Stepping ~*~*~tactically~*~*~ (stealth).
  5465 | Sewer    | 5465 ||| Stepping ~*~*~tactically~*~*~ (stealth).
  5484 | Sewer    | 5484 ||| Stepping ~*~*~tactically~*~*~ (stealth).
  5486 | Sewer    | 5486 ||| Stepping ~*~*~tactically~*~*~ (stealth).
  5511 | Sewer    | 5511 ||| Stepping ~*~*~tactically~*~*~ (stealth).
  5564 | Sewer    | Found a viscous altar of Jiyva.
  5640 | Sewer    | 5640 ||| READING scroll labelled KEAWEU ZUVVOAB.
  5641 | Sewer    | 5641 ||| DRINKING 2 cyan potions.
  5642 | Sewer    | 5642 ||| DRINKING 2 yellow potions.
  5643 | Sewer    | 5643 ||| READING 2 scrolls of identify.
  5643 | Sewer    | 5643 ||| IDENTIFYING fizzy red potion
  5644 | Sewer    | 5644 ||| DROPPING potion of magic.
  5645 | Sewer    | 5645 ||| DROPPING potion of ambrosia.
  5666 | D:4      | 5666 ||| PLANNING D:1-11
  5825 | D:4      | XOM: summons 12 hostile demons
  5826 | D:4      | Noticed a chaos spawn
  5826 | D:4      | Noticed a ynoxinul
  5826 | D:4      | Noticed a sixfirhy
  5826 | D:4      | Noticed a chaos spawn
  5826 | D:4      | Noticed a hellwing
  5826 | D:4      | Noticed a chaos spawn
  5829 | D:4      | HP: 5/50 [sixfirhy[Xom] (11)]
  5829 | D:4      | Mangled by a sixfirhy

Levels and vault maps discovered:
D:1:      erik_arrival_cave_to_civilisation [erik_arrival_cave_to_hall],
          layout_basic, serial_shops, nicolae_shop_bloodbath_and_beyond, shop,
          serial_co_window_serial, co_window_paths_b, co_window_paths_a,
          co_window_paths_a, co_window_paths_a, co_window_corner_a,
          co_window_corner_a, co_window_corner_a, co_window_corner_a,
          co_window_paths_b, co_window_corner_cb, co_window_of_opportunity_c,
          co_window_broadway_a, glass_columns_b, glass_columns_a,
          glass_columns_c, glass_columns_a, glass_columns_b,
          minmay_three_crescents
D:2:      cheibrodos_greedy_goblins, layout_basic, basic_altar,
          ebering_ecumenical_altar_petrified, corexii_item_surrounded_by_moat,
          wander_ebering_terrifying_dragon_lair, uniq_terence
D:3:      layout_basic, nicolae_qazlal_style_of_elements,
          hangedman_abyss_or_decor_lesser_grid, minmay_pentangle, uniq_natasha
D:4:      layout_layer_cave, mainiacjoe_overflow_boulevard,
          yredelemnul_altar_generic, cheibrodos_sewer_entry_sluice, uniq_ijyb,
          uniq_blork_the_orc

Skill      XL: |  1  2  3  4  5  6  7 |
---------------+----------------------+-----
Axes           | 4 5 6 7 8 |  8.6
Fighting       | 4 5 |  5.1
Armour         | |  2.4
Dodging        | |  1.1

Action                   |  1- 3 |  4- 6 |  7- 9 || total
-------------------------+-------+-------+-------++-------
Melee: Hand axe          |   121 |   255 |    39 ||   415
       Punch             |     1 |     3 |       ||     4
       Headbutt          |       |    16 |    10 ||    26
Invok: Renounce Religion |     1 |       |       ||     1
  Use: Potion            |     2 |     4 |     2 ||     8
       Scroll            |     3 |     6 |     2 ||    11
 Stab: Paralysed         |     1 |       |       ||     1
Armor: Leather armour    |     8 |       |       ||     8
       Ring mail         |    23 |    12 |       ||    35
       Scale mail        |       |    77 |    14 ||    91
Dodge: Dodged            |    66 |   106 |     8 ||   180

Table legend:
 A = Non-vault XP
 B = Vault XP
 C = Vault XP percentage of total XP
 D = Non-vault monster count
 E = Vault monster count
 F = Vault count percentage of total count
                 A         B        C        D         E       F
            +---------+---------+-------+---------+---------+-------
      Total |     376 |     515 |  57.8 |      61 |      62 |  50.4
            +---------+---------+-------+---------+---------+-------
        D:1 |      29 |      14 |  32.6 |      17 |       8 |  32.0
        D:2 |      45 |      55 |  55.0 |      16 |      11 |  40.7
        D:3 |     153 |      71 |  31.7 |      14 |      12 |  46.2
        D:4 |     149 |      44 |  22.8 |      14 |       5 |  26.3
      Sewer |       0 |     331 | 100.0 |       0 |      26 | 100.0
            +---------+---------+-------+---------+---------+-------
